 Dungeon Crawl Stone Soup version 0.31.0-9-g3a7656b989 (webtiles) character file.

Game seed: 16167674433616525071

2174893 Kenran the Skinwalker (level 25, 318/318 HPs)
             Began as a Troll Monk on Jan 22, 2024.
             Was the Champion of Cheibriados.
             Escaped with the Orb
             ... and 3 runes on Jan 24, 2024!
             The game lasted 02:23:54 (41730 turns).

Kenran the Skinwalker (Troll Monk)                 Turns: 41730, Time: 02:23:54

Health: 318/318    AC: 37    Str: 48    XL:     25   Next: 52%
Magic:  33/33      EV: 29    Int: 25    God:    Cheibriados [******]
Gold:   531        SH: 15    Dex: 32    Spells: 22/24 levels left

rFire   + .          .
                       - Unarmed
rCold   . . .        g - +0 kite shield of Duty {+Blink rF+ Will+}
rNeg    + . .        O - melded +2 steam dragon scales
rPois   ∞            N - +2 hood of the Assassin {Detect Stab+ Stlth++}
rElec   +            o - scarf {repulsion}
rCorr   +            (gloves unavailable)
SInv    .            (boots unavailable)
Will    +++..        X - amulet of Vitality {RegenMP++ Regen++}
Stlth   ++           z - ring of Symmetry {Will+ rCorr Str+6 Slay+6}
HPRegen 3.13/turn    x - +5 ring of evasion
MPRegen 1.03/turn

%: repel missiles
@: statue-form, very slow
A: slow and powerful, torment resistance 1, boosted hp, large, unfitting armour,
claws 3, regeneration 1, (shaggy fur 1), (tough skin 1), clever 1, frail 1,
subdued magic 1, inability to drink after injury 1, MP-powered wands
0: Orb of Zot
}: 3/15 runes: barnacled, abyssal, gossamer
a: Begin Untransformation, Renounce Religion, Evoke Blink, Bend Time, Temporal
Distortion, Slouch, Step From Time


You escaped.
You worshipped Cheibriados.
Cheibriados was exalted by your worship.
You were a living statue of rough stone.
You visited 9 branches of the dungeon, and saw 44 of its levels.
You visited the Abyss 1 time.
You visited 1 bazaar.
You also visited: Bailey and Desolation.

You collected 3952 gold pieces.
You spent 3421 gold pieces at shops.

Inventory:

Missiles
 U - 91 large rocks
Armour
 g - the +0 kite shield of Duty (worn) {+Blink rF+ Will+}
   (You acquired it on level 3 of the Dungeon)

   rF+:       It protects you from fire.
   Will+:     It increases your willpower.
   +Blink:    It lets you blink.
 o - a scarf of repulsion (worn)
 N - the +2 hood of the Assassin (worn) {Detect Stab+ Stlth++}
   (You bought it in a shop on level 2 of the Vaults)

   Detect:    It allows the wearer to sense nearby creatures.
   Stab+:     It allows the wearer to make particularly effective stabbing
   attacks against helpless or unaware enemies with any weapon.
   Stlth++:   It makes you much more stealthy.
 O - +2 steam dragon scales (melded)
Jewellery
 f - a ring of poison resistance
 j - an amulet of reflection
 x - a +5 ring of evasion (right claw)
 z - the ring of Symmetry (left claw) {Will+ rCorr Str+6 Slay+6}
   (You bought it in a shop on level 2 of the Orcish Mines)

   [ring of strength]

   Str+6:     It affects your strength (+6).
   Slay+6:    It affects your accuracy & damage with ranged weapons and melee
   (+6).
   Will+:     It increases your willpower.
   rCorr:     It protects you from acid and corrosion.
 E - a ring of see invisible
 T - a ring of ice
 X - the amulet of Vitality (around neck) {RegenMP++ Regen++}
   (You bought it in a shop on level 2 of the Orcish Mines)

   [amulet of magic regeneration]

   RegenMP:   It increases your rate of magic regeneration.
   Regen++:   It increases your rate of health regeneration.
 Y - a ring of protection from fire
Talismans
 i - the dragon-blood talisman of the End {rN+ rCorr Str+2 SInv}
   (You found it on level 1 of the Realm of Zot)

   [dragon-blood talisman]

   Str+2:     It affects your strength (+2).
   rN+:       It protects you from negative energy.
   SInv:      It lets you see invisible.
   rCorr:     It protects you from acid and corrosion.
 m - a talisman of death
 B - a granite talisman (active)
Wands
 a - a wand of mindburst (10)
 r - a wand of paralysis (49)
 G - a wand of flame (34)
 M - a wand of digging (17)
 S - a wand of roots (55)
 V - a wand of polymorph (29)
 Z - a wand of quicksilver (13)
Scrolls
 d - 2 scrolls of revelation
 s - 14 scrolls of poison {!r}
 u - 9 scrolls of teleportation
 v - 4 scrolls of blinking
 w - 8 scrolls of fear
 y - 3 scrolls of butterflies
 C - a scroll of amnesia
 F - 8 scrolls of fog
 I - 2 scrolls of silence
 L - 5 scrolls of immolation {!r}
 P - 3 scrolls of torment {!r}
 W - 5 scrolls of enchant armour
Potions
 b - 11 potions of ambrosia
 e - 15 potions of heal wounds {@q2}
 h - 8 potions of attraction {!q}
 k - 4 potions of cancellation
 l - 8 potions of might
 n - 4 potions of magic
 p - 15 potions of curing {@q1}
 q - 6 potions of berserk rage {!q}
 A - 4 potions of enlightenment
 D - 4 potions of invisibility
 H - 3 potions of brilliance
 K - 3 potions of haste
 Q - 2 potions of resistance
 R - 8 potions of mutation {!q}
Miscellaneous
 c - a tin of tremorstones (1/2)
 t - a phantom mirror
 J - a lightning rod (4/4)


   Skills:
 - Level 20.0 Fighting
 - Level 4.0 Throwing
 - Level 5.0 Armour
 - Level 13.1 Dodging
 - Level 10.0 Shields
 - Level 20.0 Unarmed Combat
 - Level 15.0 Invocations
 - Level 8.7 Evocations
 + Level 23.2 Shapeshifting


You had 22 spell levels left.
You knew the following spells:

 Your Spells              Type           Power      Damage    Failure   Level
a - Blink                 Tloc           0%         N/A       22%         2

Your spell library contained the following spells:

 Spells                   Type           Power      Damage    Failure   Level
 Apportation              Tloc           0%         N/A       16%         1
 Foxfire                  Conj/Fire      0%         2x1d4     16%         1
 Freeze                   Ice            0%         1d3       16%         1
 Necrotise                Necr           0%         1d4       16%         1
 Sandblast                Erth           0%         2d4       16%         1
 Sting                    Conj/Alch      0%         1d3       16%         1
 Summon Small Mammal      Summ           0%         N/A       16%         1
 Ensorcelled Hibernation  Hex/Ice        0%         N/A       22%         2
 Jinxbite                 Hex            0%         N/A       22%         2
 Lesser Beckoning         Tloc           0%         N/A       22%         2
 Mercury Vapours          Alch/Air       0%         N/A       22%         2
 Momentum Strike          Conj/Tloc      0%         3d8       22%         2
 Call Canine Familiar     Summ           0%         N/A       43%         3
 Frozen Ramparts          Ice            0%         1d1       43%         3
 Fugue of the Fallen      Necr           0%         N/A       43%         3
 Inner Flame              Hex/Fire       0%         N/A       43%         3
 Mephitic Cloud           Conj/Alch/Air  0%         N/A       43%         3
 Ozocubu's Armour         Ice            0%         N/A       43%         3
 Sigil of Binding         Hex            0%         N/A       43%         3
 Stone Arrow              Conj/Erth      0%         3d7       43%         3
 Summon Ice Beast         Ice/Summ       0%         N/A       43%         3
 Vampiric Draining        Necr           0%         2d6       43%         3
 Volatile Blastmotes      Fire/Tloc      0%         2d10      43%         3
 Anguish                  Hex/Necr       0%         N/A       85%         4
 Animate Armour           Summ/Erth      0%         N/A       85%         4
 Brom's Barrelling Bould  Conj/Erth      0%         2d3       85%         4
 Cause Fear               Hex            0%         N/A       85%         4
 Dimensional Bullseye     Hex/Tloc       0%         N/A       85%         4
 Leda's Liquefaction      Alch/Erth      0%         N/A       85%         4
 Manifold Assault         Tloc           0%         N/A       85%         4
 Martyr's Knell           Necr/Summ      0%         N/A       85%         4
 Petrify                  Alch/Erth      0%         N/A       85%         4
 Vhi's Electric Charge    Tloc/Air       0%         N/A       85%         4
 Alistair's Intoxication  Alch           0%         N/A       99%         5
 Arcjolt                  Conj/Air       0%         1d10      99%         5
 Curse of Agony           Necr           0%         N/A       99%         5
 Fireball                 Conj/Fire      0%         3d3       99%         5
 Freezing Cloud           Conj/Ice/Air   0%         6-21      99%         5
 Iskenderun's Battlesphe  Conj           0%         2d6       99%         5
 Lee's Rapid Deconstruct  Erth           0%         3d4*      99%         5
 Metabolic Englaciation   Hex/Ice        0%         N/A       99%         5
 Bombard                  Conj/Erth      0%         9d1       100%        6
 Conjure Ball Lightning   Conj/Air       0%         3x3d6     100%        6
 Plasma Beam              Fire/Air       0%         2x1d10    100%        6
 Sculpt Simulacrum        Ice/Alch       0%         N/A       100%        6
 Starburst                Conj/Fire      0%         6d3       100%        6
 Monstrous Menagerie      Summ           0%         N/A       100%        7
 Orb of Destruction       Conj           0%         9d5       100%        7
 Ozocubu's Refrigeration  Ice            0%         4d7       100%        7
 Spellforged Servitor     Conj/Summ      0%         N/A       100%        7
 Lehudib's Crystal Spear  Conj/Erth      0%         10d2      100%        8
 Maxwell's Capacitive Co  Air            0%         ∞         100%        8
 Dragon's Call            Summ           0%         N/A       100%        9


Dungeon Overview and Level Annotations

Branches:
Dungeon (15/15)            Temple (1/1) D:4            Lair (5/5) D:9
 Shoals (4/4) Lair:2       Spider (4/4) Lair:2        Slime (0/5) Lair:4
    Orc (2/2) D:9             Elf (0/3) Orc:2        Vaults (4/5) D:14
  Crypt (0/3) Vaults:3     Depths (4/4) D:15            Zot (5/5) Depths:4
 Bailey (visited)         Desolation (visited)

Altars:
Ashenzari
Cheibriados
Dithmenos
Elyvilon
Fedhas
Gozag
Hepliaklqana
Kikubaaqudgha
Makhleb
Nemelex Xobeh
Okawaru
Qazlal
Ru
Sif Muna
Trog
Uskayaw
Vehumet
Wu Jian
Xom
Yredelemnul
Zin
The Shining One

Shops:
D:3 *   D:5 (   D:7 *   Orc:1 :*   Orc:2 ?*(=(   Shoals:2 [   Vaults:2 :[
Depths:3 ?

Portals:
Hell: Depths:1 Depths:2 Depths:3 Depths:4
Abyss: Depths:3 Depths:4
Pandemonium: Depths:2 Depths:3
Ziggurat: Depths:3

Annotations:
D:5 exclusion: ogre
D:6 1 runed translucent door
D:15 Rupert
Lair:5 exclusion: obsidian statue
Shoals:2 1 runed translucent door, Lianjan's ghost, adept MiGl
Spider:1 exclusion: downstairs
Spider:2 Asterion!!
Vaults:2 3 runed translucent doors, confidenceinterval's ghost, adept DsSh
Zot:3 1 runed translucent door, Netemen's ghost, master GnFi


Innate Abilities, Weirdness & Mutations

You are a living statue of rough stone.
Your actions are slow, but your melee attacks are powerful.
You are resistant to unholy torment.
Your maximum health is greatly increased.
Your equipment is partially melded.
You are too large for most types of armour.
You are immune to poison.
You have claws for hands.
Your natural rate of healing is unusually fast.
((You are covered in fur. (AC +1)))
((You have tough skin. (AC +1)))
Your mind is acute. (Int +4, Str/Dex -1)
You are frail. (-10% HP)
Your spells are a little easier to cast, but a little less powerful.
You occasionally lose the ability to drink potions when taking damage.
You expend magic power (3 MP) to strengthen your wands.


Message History

You see here a +0 club.
You see here a +0 ring mail.
An Orb Guardian comes into view.
You block the Orb Guardian's attack. x2; The Orb Guardian hits you.
The Orb Guardian barely misses you.
You barely miss the Orb Guardian. The Orb Guardian completely misses you.
You eviscerate the Orb Guardian!!!!
You kill the Orb Guardian!
Cheibriados thoroughly appreciates the change of pace.
No target in view!
A hell beast comes into view.
You block the hell beast's attack. x2; The hell beast closely misses you.
You block the hell beast's attack.
The hell beast bites you but does no damage.
The hell beast completely misses you. x3
You eviscerate the hell beast!!!
The hell beast is heavily wounded.
You block the hell beast's attack. x2
You miss the hell beast.
The hell beast is heavily wounded.
You block the hell beast's attack. x3
The hell beast tramples you but does no damage.
You claw the hell beast!
The hell beast is severely wounded.
The hell beast bites you. You block the hell beast's attack.
You claw the hell beast!
The hell beast is almost dead.
You block the hell beast's attack. x3; The hell beast misses you.
You miss the hell beast.
The hell beast is almost dead.
You block the hell beast's attack. The hell beast misses you.
The hell beast bites you. You block the hell beast's attack.
You eviscerate the hell beast!!!!
You kill the hell beast!
Cheibriados appreciates the change of pace.
No target in view!
No target in view!
There is an open door here.
There is a staircase leading out of the dungeon here.
You have escaped!

...# ####### ######.##
#### #.....# #.#
#.###.# #.#
#####.###.# ####.##
#.......#.#
########......
##..##.#.#.#
#........##.##
...........#
##########...#
##..#.##.###
♣♣♣♣♣♣♣♣♣♣♣#......
##..#.#..#
♣8.........'.#...#
....#.#..#
♣...♣♣♣♣♣.♣####.##
#▓▓.#.#..# ♣....P♣P♣.♣
#.# .._#.....#
♣.♣.....♣.♣ #.#
..▓..##.## ♣.♣♣.⌠....♣
##'## #######.#
♣.♣P....♣♣♣ ##...# #
##.# ♣.♣♣P..♣♣ ##.....
## ##..# ♣.♣♣♣.♣♣
#......
.####...#######♣.PP.P♣
#......


There were no monsters in sight!

Vanquished Creatures
  2 dread liches (Zot:5)
  5 ancient liches
  4 orbs of fire (Zot:5)
  A juggernaut (Depths:1)
  3 pandemonium lords
  3 Killer Klowns (Zot:5)
  3 curse toes (Zot:2)
  Nikola (Spider:2)
  7 golden dragons
  A caustic shrike (Depths:1)
  A profane servitor (D:7)
  Arachne (Spider:3)
  A Brimstone Fiend (D:3)
  3 electric golems
  2 Tzitzimimeh
  A hellephant (Abyss:3)
  2 Ice Fiends
  12 tentacled monstrosities
  4 liches
  2 Hell Sentinels
  28 Orb Guardians
  A walking earthen tome (Depths:2)
  10 quicksilver dragons
  9 sphinxes
  Asterion (Spider:2)
  A titan (Vaults:1)
  2 Executioners
  A deep elf blademaster (Vaults:2)
  Gastronok (Lair:1)
  6 death cobs
  2 tentacled starspawn (Abyss:3)
  6 shadow dragons
  A tengu reaver (Vaults:4)
  Aizul (Shoals:1)
  A daeva (Abyss:2)
  Donald (Spider:2)
  2 demonspawn warmongers (Zot:5)
  6 fire giants
  3 draconian monks
  15 storm dragons
  3 draconian knights
  4 protean progenitors
  6 frost giants
  12 emperor scorpions
  9 draconian shifters
  3 spectral caustic shrikes (Depths:4)
  A deep elf sorcerer (D:14)
  Ilsuiw (Shoals:3)
  An iron dragon (Depths:1)
  An imperial myrmidon (Desolation)
  12 vault wardens
  A reaper (Depths:3)
  2 balrugs
  5 draconian scorchers
  6 broodmothers
  A cacodemon (Depths:2)
  15 ghost moths
  3 draconian stormcallers
  2 spriggan defenders (Depths:2)
  2 demonspawn corrupters (Zot:5)
  14 stone giants
  2 draconian annihilators
  18 ironbound preservers
  6 ironbound thunderhulks
  19 very ugly things
  4 formless jellyfish
  11 green draconians
  A vampire knight (Depths:1)
  A minotaur (Vaults:2)
  15 spark wasps
  7 yellow draconians
  30 dire elephants
  9 red draconians
  A war gargoyle (Vaults:2)
  8 purple draconians
  7 black draconians
  9 white draconians
  2 deep elf annihilators
  2 halazid warlocks (Desolation)
  2 bunyips (Zot:2)
  3 green deaths
  11 ettins
  2 crystal guardians
  7 merfolk impalers
  2 merfolk javelineers
  15 ragged hierophants (Desolation)
  5 fire dragons
  8 yaktaur captains
  3 rakshasas
  14 peacekeepers
  5 entropy weavers
  6 ice dragons
  5 hell beasts
  7 vault guards
  4 great orbs of eyes
  A jorogumo (Spider:4)
  7 hydras
  5 servants of whispers (Desolation)
  11 ironbound frosthearts
  An anaconda (Depths:3)
  6 merfolk aquamancers
  3 spriggan air magi
  6 radroaches
  23 centaur warriors
  An ogre mage (D:15)
  6 death yaks (Lair:5)
  5 catoblepae
  A merfolk avatar (Shoals:1)
  10 tengu warriors
  14 two-headed ogres
  2 satyrs
  Erica (D:9)
  4 boulder beetles
  4 deep troll earth magi
  A deep troll shaman (Depths:3)
  9 demonic crawlers
  3 thrashing horrors
  3 orc high priests (Orc:2)
  5 hell hogs
  4 vampire magi
  4 spriggan berserkers
  6 sun demons
  3 occultists
  2 soul eaters
  3 wretched stars
  7 hell knights
  5 skeletal warriors
  8 skysharks
  A spectral death yak (Lair:5)
  Amaemon (Lair:1)
  A fire crab (shapeshifter) (D:14)
  A sixfirhy (Zot:5)
  An iron troll (Depths:3)
  9 pharaoh ants
  6 orb spiders
  A spectral anaconda (Lair:5)
  6 sun moths
  47 deep trolls
  12 sea snakes
  A shadow demon (Zot:5)
  2 sea snakes (shapeshifter)
  A flayed ghost (Depths:1)
  5 glowing orange brains
  2 spriggan druids (Depths:3)
  9 lindwurms
  6 arcanists
  A swamp dragon (shapeshifter) (Vaults:3)
  A deep elf archer (Vaults:2)
  25 harpies
  9 necromancers
  10 steelbarb worms
  8 orc knights
  17 ironbound convokers
  3 human zombies (Vaults:3)
  36 ugly things
  A deep elf pyromancer (D:14)
  A deep elf zephyrmancer (D:15)
  22 fauns
  23 wolf spiders
  5 orc sorcerers
  A frost giant zombie (Vaults:3)
  11 cyclopes
  7 meliai
  5 merfolk sirens
  17 manticores
  A worldbinder (Abyss:3)
  35 moths of wrath
  A rust devil (Depths:3)
  A water nymph (Shoals:4)
  39 elephants
  2 kobold blastminers (Orc:2)
  11 vault sentinels
  A dire elephant zombie (Lair:5)
  5 torpor snails
  A black mamba (Lair:4)
  3 guardian serpents (Desolation)
  A molten gargoyle (Desolation)
  2 gargoyles
  3 smoke demons
  10 apocalypse crabs (Zot:2)
  Maggie (D:9)
  3 orange demons
  A cane toad (shapeshifter) (D:12)
  2 centaur skeletons (D:15)
  An efreet (D:14)
  2 hellions
  7 large abominations
  13 cane toads
  2 rime drakes (Lair:4)
  An unseen horror (D:10)
  2 freezing wraiths
  27 yaktaurs
  2 kobold demonologists
  A tormentor (Zot:5)
  6 komodo dragons
  2 red devils
  An ice devil (Zot:3)
  3 tengu conjurers
  A yaktaur skeleton (Vaults:3)
  9 trolls
  2 ancient zymes (Abyss:3)
  A polar bear (Lair:1)
  A queen bee (shapeshifter) (Vaults:3)
  A queen bee (Lair:5)
  16 merfolk
  2 hellwings (Zot:1)
  2 wind drakes
  A polar bear (shapeshifter) (Depths:2)
  2 glass eyes
  68 saltlings (Desolation)
  9 raiju
  29 tarantellas
  A tarantella (shapeshifter) (Vaults:4)
  7 snapping turtles
  11 blink frogs
  16 hornets
  30 dream sheep
  A centaur simulacrum (D:14)
  An ettin skeleton (Vaults:3)
  A spectral elephant (Lair:5)
  29 jumping spiders
  Sigmund (D:4)
  31 slime creatures
  3 spriggans
  4 small abominations
  21 water elementals
  4 fire bats (Zot:3)
  A shadow (D:11)
  5 vampires
  36 culicivoras
  34 yaks
  4 wyverns
  2 wraiths
  2 wargs
  2 steam dragons
  6 vampire mosquitoes
  7 basilisks
  3 golden eyes (D:15)
  A neqoxec (Abyss:3)
  Menkaure (D:5)
  57 redbacks
  An ogre zombie (Vaults:3)
  5 spatial vortices (Abyss:3)
  2 acid dragons
  15 water moccasins
  A hornet zombie (D:15)
  28 orc warriors
  A black bear (D:4)
  An elephant zombie (Lair:5)
  A sky beast (D:8)
  An ice beast (D:5)
  11 wolves
  4 laughing skulls (Abyss:3)
  4 ogres
  13 centaurs
  7 kobold brigands
  4 weeping skulls
  11 bullfrogs
  A gnoll sergeant (D:8)
  12 scorpions
  5 wights
  3 cane toad simulacra (Lair:5)
  8 vampire bats (Bailey)
  34 killer bees
  6 howler monkeys
  6 wolf zombies (Bailey)
  5 electric eels (D:7)
  A hound (D:4)
  2 jellies
  A gnoll bouda (Lair:3)
  14 orc priests
  25 starcursed masses
  Crazy Yiuf (D:4)
  5 iguanas
  Ijyb (D:5)
  14 orc wizards
  5 hell rats (Lair:4)
  4 gnolls
  6 adders
  A shadow imp (D:7)
  4 white imps
  4 ufetubi
  4 dart slugs
  6 ribbon worms
  59 orcs
  4 ball pythons
  8 bats
  3 endoplasms
  5 giant cockroaches (D:6)
  7 hobgoblins
  22 kobolds
  4 quokkas (D:1)
  3 training dummies (D:5)
  A frilled lizard (D:2)
  8 goblins
  18 orc zombies (Bailey)
  6 rats
  A butterfly (D:6)
  A spectral weapon (Spider:2)
  A starspawn tentacle (Abyss:3)
2099 creatures vanquished.

Vanquished Creatures (collateral kills)
  An ettin (Vaults:2)
1 creature vanquished.

Vanquished Creatures (others)
  An ironbound preserver (Vaults:3)
  An occultist (D:14)
  A deep troll (Vaults:3)
  An ugly thing (D:14)
  A torpor snail (Spider:4)
  A water elemental (Shoals:2)
  A redback (Spider:4)
  A howler monkey (D:13)
  A white imp (Abyss:3)
  An orc (Orc:2)
  A lurking horror (Abyss:2)
  3 starspawn tentacles (Abyss:3)
14 creatures vanquished.

Grand Total: 2114 creatures vanquished

Notes
Turn   | Place    | Note
-------+----------+-------------------------------------------
     0 | D:1      | Kenran the Troll Monk began the quest for the Orb.
     0 | D:1      | Reached XP level 1. HP: 22/22 MP: 0/0
   234 | D:1      | Reached XP level 2. HP: 29/29 MP: 1/1
   492 | D:1      | Found a faded altar of an unknown god.
   822 | D:1      | Reached XP level 3. HP: 34/36 MP: 2/2
  1413 | D:3      | Found Zin's Purification Station.
  1415 | D:3      | Found a glowing silver altar of Zin.
  1506 | D:3      | Reached XP level 4. HP: 44/44 MP: 3/3
  1613 | D:3      | Reached skill level 5 in Unarmed Combat
  1684 | D:3      | You fall into a shaft and drop 3 floors!
  1717 | D:6      | Found a runed translucent door.
  1718 | D:6      | Found a runed translucent door.
  1718 | D:6      | Noticed a scorpion
  1718 | D:6      | Noticed a scorpion
  1718 | D:6      | Noticed a scorpion
  1718 | D:6      | Noticed a scorpion
  1718 | D:6      | Noticed a scorpion
  1719 | D:6      | Noticed a scorpion
  1719 | D:6      | Noticed a scorpion
  1810 | D:5      | Entered Level 5 of the Dungeon
  1824 | D:5      | Found Hicsic's Firing Range.
  1826 | D:4      | Noticed Ijyb
  1831 | D:5      | Killed Ijyb
  1832 | D:5      | Reached XP level 5. HP: 42/50 MP: 4/4
  1992 | D:4      | Noticed Sigmund
  2005 | D:4      | Killed Sigmund
  2006 | D:4      | Reached skill level 1 in Evocations
  2006 | D:4      | Reached XP level 6. HP: 54/61 MP: 5/5
  2436 | D:4      | Found a runed translucent door.
  2437 | D:4      | Noticed Crazy Yiuf
  2551 | D:4      | Found a staircase to the Ecumenical Temple.
  2561 | Temple   | Entered the Ecumenical Temple
  2568 | Temple   | Became a worshipper of Cheibriados the Contemplative
  2568 | Temple   | Reached * piety under Cheibriados
  2568 | Temple   | Reached ** piety under Cheibriados
  2658 | D:4      | Killed Crazy Yiuf
  2849 | D:3      | Reached XP level 7. HP: 67/67 MP: 6/6
  3106 | D:3      | Identified a scroll of acquirement
  3110 | D:3      | Acquired the +0 kite shield of Duty {+Blink rF+ Will+}
  3422 | D:5      | Found a hazy altar of Hepliaklqana.
  3503 | D:5      | Noticed Menkaure
  3513 | D:5      | Killed Menkaure
  3514 | D:5      | Reached skill level 1 in Shields
  4135 | D:6      | Found a shadowy altar of Dithmenos.
  4135 | D:6      | Found a burning altar of Makhleb.
  4241 | D:6      | Identified the +2 scale mail of Zoim {*Corrode rF+ rC+
                  | Int+5}
  4255 | D:6      | Reached XP level 8. HP: 79/79 MP: 7/7
  4266 | D:6      | Reached skill level 5 in Fighting
  4268 | D:6      | Reached *** piety under Cheibriados
  4399 | D:7      | Found Jielun's General Store.
  4425 | D:7      | Reached skill level 1 in Shapeshifting
  4453 | D:7      | Bought a scroll of identify for 20 gold pieces
  4542 | D:7      | Reached skill level 2 in Shapeshifting
  4775 | D:7      | Reached XP level 9. HP: 78/88 MP: 8/8
  4791 | D:7      | Reached **** piety under Cheibriados
  4962 | D:7      | Reached skill level 3 in Shapeshifting
  5023 | D:7      | Reached skill level 10 in Unarmed Combat
  5023 | D:7      | Reached skill level 4 in Shapeshifting
  5537 | D:8      | Found a shimmering altar of Xom.
  5553 | D:8      | Noticed a brown ugly thing
  5568 | D:8      | Killed a brown ugly thing
  5640 | D:8      | Reached skill level 5 in Shapeshifting
  5653 | D:8      | Noticed a four-headed hydra
  5744 | D:8      | Killed a four-headed hydra
  5745 | D:8      | Reached XP level 10. HP: 89/96 MP: 9/9
  5772 | D:8      | Reached skill level 6 in Shapeshifting
  5935 | D:9      | Noticed Erica
  6050 | D:9      | Reached skill level 7 in Shapeshifting
  6086 | D:9      | Reached ***** piety under Cheibriados
  6142 | D:9      | Identified the +7 rapier of Blind Justice {pain, rF+ rC+
                  | Str+2 Dex-3}
  6305 | D:9      | Noticed a two-headed ogre
  6309 | D:9      | Killed a two-headed ogre
  6315 | D:9      | Noticed Maggie
  6323 | D:9      | Killed Maggie
  6335 | D:9      | Killed Erica
  6435 | D:9      | Found a sparkling altar of Nemelex Xobeh.
  6547 | D:9      | Reached XP level 11. HP: 106/111 MP: 10/10
  6557 | D:9      | Found a staircase to the Orcish Mines.
  6826 | D:9      | Found a staircase to the Lair.
  6833 | D:9      | Reached skill level 1 in Invocations
  6874 | D:10     | Entered Level 10 of the Dungeon
  6992 | D:10     | Found a flagged portal.
  7034 | Bailey   | Entered a bailey
  7203 | Bailey   | Identified the +3 leather armour "Fatzor" {Harm rF+ rCorr
                  | Stlth+}
  7241 | Bailey   | Reached ****** piety under Cheibriados
  7378 | D:10     | Noticed a two-headed ogre
  7383 | D:10     | Killed a two-headed ogre
  7410 | D:10     | Identified the +8 hand axe "Cinainygh" {drain, Dex+2}
  7722 | D:10     | Noticed a two-headed ogre
  7729 | D:10     | Killed a two-headed ogre
  7795 | D:10     | Found a basalt altar of Yredelemnul.
  7835 | D:10     | Reached skill level 8 in Shapeshifting
  8612 | D:11     | Reached skill level 5 in Evocations
  8901 | Lair:1   | Entered Level 1 of the Lair of Beasts
  8927 | Lair:1   | Noticed Amaemon
  8981 | Lair:1   | Noticed Gastronok
  8986 | Lair:1   | Reached skill level 1 in Throwing
  8986 | Lair:1   | Reached XP level 12. HP: 103/119 MP: 12/12
  9000 | Lair:1   | Killed Gastronok
  9034 | Lair:1   | Killed Amaemon
  9042 | Lair:1   | Reached skill level 5 in Dodging
  9839 | Lair:2   | Reached skill level 5 in Shields
  9946 | Lair:2   | Noticed a seven-headed hydra
 10004 | Lair:2   | Noticed an eight-headed hydra
 10009 | Lair:2   | Killed an eight-headed hydra
 10062 | Lair:2   | Reached XP level 13. HP: 121/128 MP: 14/14
 10089 | Lair:2   | Found a hole to the Spider Nest.
 10173 | Lair:2   | Found a staircase to the Shoals.
 11484 | Lair:4   | Reached skill level 5 in Invocations
 11502 | Lair:4   | Reached skill level 10 in Fighting
 11898 | Lair:4   | Found a staircase to the Slime Pits.
 11970 | Lair:5   | Entered Level 5 of the Lair of Beasts
 12282 | Lair:5   | Noticed a dire elephant
 12282 | Lair:5   | Noticed a dire elephant
 12282 | Lair:5   | Noticed a dire elephant
 12355 | Lair:5   | Killed a dire elephant
 12465 | Lair:5   | Reached XP level 14. HP: 100/143 MP: 18/18
 13056 | Lair:5   | Found a hazy altar of Hepliaklqana.
 14271 | Lair:5   | Found a hazy altar of Hepliaklqana.
 15098 | D:12     | Reached skill level 15 in Unarmed Combat
 15208 | D:12     | Found a shadowy altar of Dithmenos.
 15673 | D:13     | Reached XP level 15. HP: 129/149 MP: 19/19
 15677 | D:13     | Reached skill level 10 in Dodging
 16184 | D:14     | Identified the orb "Dawynise" {*channel, rC- Str+3 Stlth+
                  | Summ}
 16216 | D:14     | Noticed a deep elf sorcerer
 16220 | D:14     | Noticed a lich
 16224 | D:14     | Identified the amulet "Jeviaf" {^Fragile rN+ Regen+ Int+3}
 16225 | D:14     | Killed a deep elf sorcerer
 16229 | D:14     | Killed a lich
 16335 | D:14     | Identified the ring "Bodghuhecu" {Will+ Int+2 Dex+2}
 16943 | D:14     | Noticed a frost giant
 16944 | D:14     | Noticed a sphinx
 17031 | D:14     | Killed a sphinx
 17056 | D:14     | Killed a frost giant
 17139 | D:14     | Reached skill level 10 in Invocations
 17373 | D:14     | Found a gate to the Vaults.
 17474 | D:14     | Learned a level 2 spell: Blink
 17513 | D:15     | Entered Level 15 of the Dungeon
 17539 | D:14     | Reached XP level 16. HP: 124/165 MP: 22/22
 17574 | D:15     | Reached skill level 9 in Shapeshifting
 17736 | D:15     | Reached skill level 10 in Shapeshifting
 17819 | D:15     | Found a snail-covered altar of Cheibriados.
 18167 | D:15     | Found a staircase to the Depths.
 18217 | D:15     | Identified the +4 sling of Vuulither {drain, rElec}
 18312 | D:15     | Noticed Rupert
 18858 | Orc:1    | Entered Level 1 of the Orcish Mines
 19104 | Orc:2    | Entered Level 2 of the Orcish Mines
 19330 | Orc:2    | Found a radiant altar of Vehumet.
 19357 | Orc:2    | Found Dosetaep's Weapon Shop.
 19601 | Orc:1    | Found Reysobao's Specific Store.
 19603 | Orc:1    | Found Rokiokh's General Store.
 19606 | Orc:1    | Bought a potion of might for 48 gold pieces
 19610 | Orc:1    | Bought a potion of invisibility for 96 gold pieces
 19647 | Orc:1    | Found Hoyhykh's Book Shop.
 19810 | Orc:2    | Found a staircase to the Elven Halls.
 19925 | Orc:2    | Found Igoedeubou's Magic Scroll Emporium.
 19925 | Orc:2    | Found Xyr Foef's Jewellery Shop.
 19927 | Orc:2    | Found Uppoch's Assorted Antiques.
 19927 | Orc:2    | Found Zobuiduzask's Weapon Shop.
 19933 | Orc:2    | Bought a scroll of identify for 28 gold pieces
 19935 | Orc:2    | Bought a scroll of teleportation for 42 gold pieces
 19942 | Orc:2    | Bought the amulet of Vitality {RegenMP++ Regen++} for 1200
                  | gold pieces
 19942 | Orc:2    | Found the amulet of Vitality {RegenMP++ Regen++}
 20431 | Spider:1 | Entered Level 1 of the Spider Nest
 21620 | Spider:2 | Noticed Asterion
 21721 | Shoals:1 | Entered Level 1 of the Shoals
 21940 | Shoals:1 | Identified the serpent talisman of Reabbote {*Corrode rF+
                  | rC+}
 21940 | Shoals:1 | Noticed Aizul
 21953 | Shoals:1 | Reached skill level 11 in Shapeshifting
 21958 | Shoals:1 | Killed Aizul
 22088 | Shoals:1 | Reached XP level 17. HP: 163/172 MP: 23/23
 22404 | Shoals:2 | Reached skill level 12 in Shapeshifting
 22473 | Shoals:2 | Found a runed translucent door.
 22473 | Shoals:2 | Noticed Lianjan's ghost (adept MiGl)
 22602 | Shoals:2 | Upgraded the game from 0.31.0-4-g52a2dc7128 to
                  | 0.31.0-9-g3a7656b989
 22639 | Shoals:2 | Found Myrghi Poena's Antique Armour Shoppe.
 23141 | Shoals:3 | Reached skill level 13 in Shapeshifting
 23152 | Shoals:3 | Noticed Ilsuiw
 23175 | Shoals:3 | Killed Ilsuiw
 23452 | Shoals:4 | Entered Level 4 of the Shoals
 23556 | Shoals:4 | Reached skill level 14 in Shapeshifting
 23803 | Shoals:4 | Identified the staff of Cemp {rElec rPois rF- rC+ Dex+4
                  | Air}
 23852 | Shoals:4 | Got a barnacled rune of Zot
 24381 | Spider:2 | Reached skill level 15 in Shapeshifting
 24630 | Spider:2 | Identified the +0 long sword "Wuwkolog" {flame, Dex+6
                  | Stlth+}
 24726 | Spider:2 | Reached XP level 18. HP: 133/182 MP: 24/24
 24749 | Spider:2 | Noticed Donald
 24764 | Spider:2 | Killed Donald
 24878 | Spider:2 | Killed Asterion
 24890 | Spider:2 | Reached skill level 16 in Shapeshifting
 25357 | Spider:2 | Noticed Nikola
 25372 | Spider:2 | Killed Nikola
 25600 | Spider:3 | Noticed Arachne
 25613 | Spider:3 | Killed Arachne
 25692 | Spider:3 | Reached skill level 1 in Armour
 26099 | Spider:4 | Entered Level 4 of the Spider Nest
 26888 | Spider:4 | Got a gossamer rune of Zot
 26963 | Spider:4 | Reached XP level 19. HP: 196/196 MP: 25/25
 27301 | Orc:2    | Bought the ring of Symmetry {Will+ rCorr Str+6 Slay+6} for
                  | 952 gold pieces
 27508 | Vaults:1 | Entered Level 1 of the Vaults
 28018 | Vaults:1 | Reached skill level 5 in Armour
 28966 | Vaults:2 | Reached skill level 17 in Shapeshifting
 29254 | Vaults:2 | Found Eloj's Book Shop.
 29277 | Vaults:2 | Found Risagap's Armour Emporium.
 29475 | Vaults:2 | Identified the +9 shortbow of Cobwebs {antimagic, ^Drain
                  | rF+ Int+4 Dex+4}
 29661 | Vaults:2 | Found a runed translucent gate.
 29661 | Vaults:2 | Found a runed translucent gate.
 29662 | Vaults:2 | Found a runed translucent gate.
 29662 | Vaults:2 | Noticed confidenceinterval's ghost (adept DsSh)
 29663 | Vaults:2 | Found the +2 hat of the Bear Spirit {Spirit, Bear, *Rage
                  | Will++}
 29750 | Vaults:2 | Found an iron altar of Okawaru.
 29834 | Vaults:3 | Reached XP level 20. HP: 209/209 MP: 26/26
 29840 | Vaults:3 | Reached skill level 15 in Fighting
 30707 | Vaults:3 | Found a staircase to the Crypt.
 30707 | Vaults:3 | Found a basalt altar of Yredelemnul.
 30707 | Vaults:3 | Found an ancient bone altar of Kikubaaqudgha.
 30758 | Vaults:4 | Identified the +0 pair of gloves of Fallacy {rElec Dex+5}
 30820 | Vaults:4 | Found a flickering gateway to a bazaar.
 30832 | Bazaar   | Entered a bazaar
 30852 | Bazaar   | Found Kalokk's Antique Armour Emporium.
 30852 | Bazaar   | Found Dacsus's Book Shoppe.
 30873 | Bazaar   | Found Ximaagun's Jewellery Emporium.
 30889 | Bazaar   | Found Qoas's Antique Armour Emporium.
 30889 | Bazaar   | Found Irchampoa's Armour Shoppe.
 30910 | Bazaar   | Found Ifae's Distillery.
 30915 | Bazaar   | Bought a potion of heal wounds for 75 gold pieces
 30915 | Bazaar   | Bought a potion of heal wounds for 75 gold pieces
 30999 | Vaults:4 | Found a crumbling gateway.
 31008 | Desolati | Entered the Desolation of Salt
 31028 | Desolati | Identified the ring "Zewkulep" {Fly Str+4}
 31133 | Desolati | Identified the ring of the Demon Prince {Fire rN+ Str+5
                  | Dex-2 SInv}
 31140 | Desolati | Identified the ring "Araysoes" {^Drain rC+ Will+ Str+3
                  | Stlth+}
 31282 | Desolati | Got Otis's Elucidation of Companions
 31349 | Desolati | Identified the +3 shortbow of the Hungering Gods {flame,
                  | rElec rC- rCorr Int+3}
 31365 | Desolati | Identified the +7 war axe "Cugygrod" {venom, Int+3 SInv
                  | Stlth+}
 31377 | Desolati | Identified the amulet "Lofoeh" {Faith +Blink rPois rC-
                  | Dex+6}
 31383 | Desolati | Got the Verses on Earth and Cryomancy
 31468 | Desolati | Identified the +0 crystal plate armour of the Catfish
                  | {Int+4}
 31514 | Desolati | Got the Spellbook of the Searing Tundra
 31517 | Desolati | Identified the +2 robe of Heresy {rF- rCorr Slay+3}
 31579 | Desolati | Identified the ring "Etryagan" {rF- rC+ rN+ SInv}
 31584 | Desolati | Identified the +0 chain mail of Jilauz {SInv}
 31634 | Desolati | Reached XP level 21. HP: 223/223 MP: 28/28
 31819 | Vaults:4 | Reached skill level 18 in Shapeshifting
 32525 | Depths:1 | Entered Level 1 of the Depths
 32687 | Depths:1 | Found a radiant altar of Vehumet.
 32891 | Depths:1 | Found a gateway to Hell.
 33119 | Depths:1 | Noticed a juggernaut
 33124 | Depths:1 | Killed a juggernaut
 33125 | Depths:1 | Reached skill level 19 in Shapeshifting
 33175 | Depths:1 | Noticed a golden dragon
 33175 | Depths:1 | Noticed a caustic shrike
 33182 | Depths:1 | Killed a caustic shrike
 33190 | Depths:1 | Killed a golden dragon
 33196 | Depths:1 | Identified the staff "Mome" {rC+ Str+3 Ice}
 33197 | Depths:1 | Identified the ring of Fragile Peace {rElec rPois rF++
                  | Will+++ Slay-5}
 33389 | Vaults:2 | Bought the +2 hood of the Assassin {Detect Stab+ Stlth++}
                  | for 780 gold pieces
 33389 | Vaults:2 | Found the +2 hood of the Assassin {Detect Stab+ Stlth++}
 33735 | Depths:2 | Reached XP level 22. HP: 239/239 MP: 30/30
 34045 | Depths:2 | Identified the +0 robe of Aru Irutt {rF+ Str+5}
 34245 | Depths:2 | Identified the +5 battleaxe of Eternal War {venom, rN++
                  | Will++ Dex-4}
 34354 | Depths:2 | Found a one-way gate leading to the halls of Pandemonium.
 34609 | Depths:3 | Found a one-way gateway to a ziggurat.
 34622 | Depths:3 | Found a one-way gate to the infinite horrors of the Abyss.
 34690 | Depths:3 | Reached skill level 20 in Shapeshifting
 35145 | Depths:3 | Found a transporter.
 35145 | Depths:3 | Found Joinorur's Magic Scroll Boutique.
 35353 | Depths:3 | Found a transporter.
 35361 | Depths:3 | Bought a scroll of blinking for 105 gold pieces
 35379 | Depths:4 | Entered Level 4 of the Depths
 35418 | Depths:4 | Found a broken altar of Ashenzari.
 35502 | Depths:4 | Noticed a golden dragon
 35513 | Depths:4 | Killed a golden dragon
 35614 | Depths:4 | Found a gate to the Realm of Zot.
 36238 | Depths:4 | Voluntarily entered the Abyss.
 36392 | Abyss:2  | Found a corrupted altar of Lugonu.
 36402 | Abyss:2  | Found a corrupted altar of Lugonu.
 36408 | Abyss:2  | Reached XP level 23. HP: 254/254 MP: 31/31
 36470 | Abyss:3  | Found a candlelit altar of Ignis.
 36516 | Abyss:3  | Found a corrupted altar of Lugonu.
 36608 | Abyss:3  | Found a corrupted altar of Lugonu.
 36624 | Abyss:3  | Got an abyssal rune of Zot
 36670 | Depths:4 | Escaped the Abyss
 36697 | Zot:1    | Entered Level 1 of the Realm of Zot
 37040 | Zot:1    | Found a shimmering altar of Xom.
 37160 | Zot:1    | Identified the dragon-blood talisman of the End {rN+ rCorr
                  | Str+2 SInv}
 37961 | Zot:2    | Noticed a curse toe
 37968 | Zot:2    | Killed a curse toe
 38007 | Zot:2    | Noticed a curse toe
 38014 | Zot:2    | Killed a curse toe
 38023 | Zot:2    | Noticed a curse toe
 38039 | Zot:2    | Killed a curse toe
 38040 | Zot:2    | Reached skill level 10 in Shields
 38041 | Zot:2    | Identified the +6 spear "Wuuboalav" {flame, *Slow rN+++
                  | Dex+3 SInv}
 38858 | Zot:3    | Found a runed translucent door.
 38927 | Zot:3    | Noticed Netemen's ghost (master GnFi)
 39383 | Zot:3    | Gained mutation: You occasionally lose the ability to drink
                  | potions when taking damage. [mutagenic glow]
 39389 | Zot:3    | Gained mutation: Your mind is acute. (Int +4, Str/Dex -1)
                  | [mutagenic glow]
 39469 | Zot:4    | Reached XP level 24. HP: 265/265 MP: 31/31
 40177 | Zot:5    | Entered Level 5 of the Realm of Zot
 40570 | Zot:5    | Noticed a dread lich
 40574 | Zot:5    | Killed a dread lich
 40583 | Zot:5    | Noticed an orb of fire
 40588 | Zot:5    | Noticed an orb of fire
 40589 | Zot:5    | Killed an orb of fire
 40593 | Zot:5    | Gained mutation: Your spells are a little easier to cast,
                  | but a little less powerful. [an orb of fire]
 40597 | Zot:5    | Gained mutation: You are frail. (-10% HP) [an orb of fire]
 40601 | Zot:5    | Killed an orb of fire
 40602 | Zot:5    | Reached skill level 21 in Shapeshifting
 40607 | Zot:5    | Noticed a Killer Klown
 40608 | Zot:5    | Noticed an orb of fire
 40610 | Zot:5    | Killed a Killer Klown
 40616 | Zot:5    | Killed an orb of fire
 40624 | Zot:5    | Noticed a Killer Klown
 40730 | Zot:5    | Noticed an ancient lich
 40737 | Zot:5    | Killed an ancient lich
 40738 | Zot:5    | Noticed an ancient lich
 40739 | Zot:5    | Noticed an ancient lich
 40744 | Zot:5    | Noticed a Killer Klown
 40750 | Zot:5    | Killed an ancient lich
 40754 | Zot:5    | Killed an ancient lich
 40757 | Zot:5    | Killed a Killer Klown
 40764 | Zot:5    | Killed a Killer Klown
 40767 | Zot:5    | Noticed an ancient lich
 40768 | Zot:5    | Noticed an orb of fire
 40771 | Zot:5    | Killed an ancient lich
 40772 | Zot:5    | Reached XP level 25. HP: 232/245 MP: 33/33
 40773 | Zot:5    | Gained mutation: You expend magic power (3 MP) to
                  | strengthen your wands. [an orb of fire]
 40777 | Zot:5    | Killed an orb of fire
 40803 | Zot:5    | Got the Orb of Zot
 40834 | Zot:5    | Reached skill level 15 in Invocations
 40882 | Zot:5    | Noticed a dread lich
 40889 | Zot:5    | Killed a dread lich
 40890 | Zot:5    | Reached skill level 22 in Shapeshifting
 40899 | Zot:5    | Noticed Tujud the pandemonium lord
 40903 | Zot:5    | Killed Tujud the pandemonium lord
 40978 | Zot:4    | Noticed Danep the pandemonium lord
 40984 | Zot:4    | Killed Danep the pandemonium lord
 41534 | D:5      | Noticed Depeol the pandemonium lord
 41534 | D:5      | Noticed an ancient lich
 41537 | D:5      | Killed an ancient lich
 41542 | D:5      | Killed Depeol the pandemonium lord
 41564 | D:5      | Reached skill level 23 in Shapeshifting
 41730 | D:$      | Escaped with the Orb!

Illustrated notes

Levels and vault maps discovered:
D:1:      psy_arrival_fountain, layout_loops_corners,
          ebering_ecumenical_altar_rust, hangedman_decor_points,
          minmay_misc_feat_x, minmay_misc_feat_diagonals, minmay_pentomino_w2
D:2:      layout_rooms, minmay_split_cup_small
D:3:      layout_loops_corners, zin_purify
D:4:      layout_loops_ring, minmay_temple_entry_poolview,
          kennysheep_generic_room_2, uniq_sigmund, uniq_ijyb,
          uniq_crazy_yiuf_cottage
D:5:      layout_basic, mainiacjoe_overflow_chevrons, nicolae_shop_firing_range,
          uniq_menkaure
D:6:      lemuel_insect_pit, layout_basic, nicolae_overflow_two_pavilions
D:7:      layout_basic, serial_shops, nicolae_stop_n_shop_1,
          nicolae_have_a_lightning_rod
D:8:      cheibrodos_barr_body, layout_basic, mainiacjoe_overflow_cross_hatched
D:9:      layout_loops_ring, nemelex_diamond_rough_becter, lair_entry_dummy,
          david_orc_5, minmay_diced_spiral, uniq_maggie, uniq_erica
D:10:     layout_layer_cave, overflow_temple_1_default, enter_bailey_6,
          grunt_decor_junction
D:11:     layout_basic
D:12:     minmay_four_partial_circles, layout_cave_pools,
          nicolae_dithmenos_through_a_glass_darkly
D:13:     layout_big_octagon
D:14:     nicolae_aperiodic_l_corner, layout_loops_cross,
          hellmonk_vaults_order_and_chaos, minmay_misc_feat_more_columns,
          minmay_the_grid_2x2 [minmay_the_grid_expand, minmay_the_grid_tri_star,
          minmay_the_grid_mess, minmay_the_grid_prize_big_room]
D:15:     grunt_enter_depths_magical_seal, layout_irregular_city,
          minmay_door_square, nicolae_twisting_strands, dreamdust_wishing_well,
          slow_altar_1, uniq_rupert
Temple:   nicolae_temple_no_exploring_needed
Lair:1:   layout_gridlike, pdpol_lair_neglected_garden,
          infiniplex_staircase_pool_2, uniq_amaemon, uniq_gastronok
Lair:2:   layout_loops_ring, minmay_shoals_entry_lonely_mermaid,
          hellmonk_spider_entry_not_the_bees, minivault_25, lemuel_fruit_fields
Lair:3:   layout_loops_ring, dreamdust_gnoll_shepherd
Lair:4:   layout_concentric_octagons, dpeg_slime_entry_enclosed
Lair:5:   due_jungle_book, layout_cave_pods, special_room [special_room_bee],
          lemuel_centaur_altar
Shoals:1: layout_shoals, uniq_aizul
Shoals:2: layout_shoals, serial_shops, nicolae_shop_pleasant_corner_grove,
          gammafunk_ghost_grave
Shoals:3: layout_shoals, uniq_ilsuiw
Shoals:4: shoals_end_grunt_garden, layout_shoals,
          nicolae_shoals_former_cling_halls
Spider:1: layout_chambers, nicolae_spider_eight_legs
Spider:2: spiders_nest_scorpion_pit, uniq_asterion, uniq_nikola, uniq_donald
Spider:3: layout_spider_delve, uniq_arachne
Spider:4: grunt_spider_rune_parallel, nicolae_spider_solar_radiation
Orc:1:    layout_caves, serial_shops, shop, nicolae_specific_store
Orc:2:    grunt_orc_tribal_feast, layout_diamond_mine, basic_altar,
          serial_shops, nicolae_shop_gibbet_a_chance
Vaults:1: nicolae_vaults_spaceships, nicolae_vaults_little_squares_5,
          st_smaller_cells, v_alt_pattern_4, nicolae_vaults_circle_grid_a,
          hangedman_vaults_trim, nicolae_vaults_closet_pinwheel_1,
          nicolae_vaults_double_plus_2, v_misc_11, dpeg_vaults_monster_box,
          v_misc_5, serial_library_hellmonk_open_square, nicolae_vaults_house_2,
          layout_vaults_omnicross
Vaults:2: gammafunk_ghost_fury_of_okawaru, nicolae_vaults_turnstiles,
          grunt_vaults_diagonal, nicolae_vaults_network_quinsquares
          [nicolae_vaults_network_quincunx_subvault,
          nicolae_vaults_network_quincunx_subvault,
          nicolae_vaults_network_quincunx_subvault,
          nicolae_vaults_network_quincunx_subvault], v_misc_28,
          nicolae_vaults_three_branches, grunt_vaults_focal,
          vaults_mumra_hexcomb, nicolae_vaults_octothorpe,
          nicolae_vaults_trapezoid_1, nicolae_vaults_mini_display_case,
          nicolae_vaults_antechamber_and_loot_room, layout_vaults_omnigrid,
          serial_shops, nicolae_shop_hallway_stairs, nicolae_square_shop
Vaults:3: infiniplex_enter_wizlab_glasses, nicolae_vaults_stairing_the_circle,
          nicolae_vaults_cornered_office, hangedman_vaults_pinch,
          nicolae_vaults_tetromino_T_1, nicolae_vaults_double_plus_1, v_misc_11,
          minmay_crypt_entry_necro_gods, nicolae_vaults_little_squares_6,
          v_misc_5, ontoclasm_vaults_chip, nicolae_vaults_diamond_1,
          layout_vaults_omnibox
Vaults:4: portal_desolation_entry_garden, nicolae_vaults_shipping_containers_4,
          vaults_dpeg_encased_lava, nicolae_vaults_storage_room_statues,
          v_pattern_3, v_misc_5, nicolae_vaults_what_the_h,
          nicolae_vaults_closet_pinwheel_4, v_misc_25,
          nicolae_vaults_trapezoid_lopsided_2,
          nicolae_vaults_door_testing_chamber, nicolae_vaults_tetromino_L_2,
          hangedman_vaults_stitches, nicolae_vaults_hallways_thing,
          nicolae_vaults_diamond_2, v_misc_22, layout_vaults_maze_bifur,
          serial_shops, bzr_entry_customers
Depths:1: minmay_sliced_demisemicircle, layout_cave_pools, hell_entry,
          nicolae_twisty_statue_hallways, minmay_misc_feat_cross,
          nicolae_vehumet_radiance
Depths:2: wad_guarded_room, layout_gridlike, pf_coc_iceberg,
          grunt_pan_entry_spiral
Depths:3: hangedman_hanging_gardens, layout_cave_shapes, enter_ziggurat_a,
          rand_demon_pan_entry_5, hell_entry, serial_shops,
          nicolae_shop_drivethru, abyss_entry, infiniplex_staircase_zigzag_2
Depths:4: grunt_zot_entry_alcove, layout_gridville, pf_hell_entry_tar_river,
          evilmike_ruin_ashenzari, abyss_entry
Zot:1:    layout_gridlike, regret_index_zotdec_silver_v_v_loose,
          regret_index_zotdec_twisting_globes
Zot:2:    gammafunk_mikee_crab_dinner, layout_gridlike
Zot:3:    kennysheep_blocky_room, layout_gridville,
          ebering_ghost_reflecting_pool, hangedman_zot_gyre
Zot:4:    nicolae_moth_party, layout_gridlike, bh_zot_lava_cross
Zot:5:    layout_cathedral_of_symmetry

Skill      XL: |  1  2  3  4  5  6  7  8  9 10 11 12 13 14 15 16 17 18 19 20 21 22 23 24 25 |
---------------+----------------------------------------------------------------------------+-----
Unarmed Combat | 4 5 6 7 9 11 12 13 14 15 16 17 18 20 | 20.0
Fighting       | 3 4 5 8 10 12 13 14 16 18 20 | 20.0
Dodging        | 3 4 5 9 10 11 12 13 | 13.1
Evocations     | 1 2 5 7 8 |  8.7
Shields        | 1 2 4 5 8 10 | 10.0
Shapeshifting  | 2 5 7 8 11 15 16 17 19 20 21 23 | 23.2
Invocations    | 2 7 10 11 12 14 15 | 15.0
Throwing       | 1 4 |  4.0
Armour         | 2 5 |  5.0

Action                     |  1- 3 |  4- 6 |  7- 9 | 10-12 | 13-15 | 16-18 | 19-21 | 22-24 | 25-27 || total
---------------------------+-------+-------+-------+-------+-------+-------+-------+-------+-------++-------
  Melee: Unarmed           |    71 |    65 |   213 |   501 |   910 |  1570 |  1004 |   924 |   167 ||  5425
  Throw: Large rock        |       |       |       |       |     2 |       |       |     1 |       ||     3
         Dart              |       |       |       |       |     1 |       |       |       |       ||     1
 Invoke: Slouch            |       |       |       |     2 |     9 |    14 |     1 |    15 |     1 ||    42
         Step From Time    |       |       |       |       |     1 |     1 |     1 |       |       ||     3
  Evoke: Wand              |       |       |    12 |     9 |     3 |    11 |       |     3 |       ||    38
         Lightning rod     |       |       |     4 |    14 |    13 |     9 |     1 |     2 |       ||    43
         Tin of tremorston |       |       |       |       |     2 |     2 |     3 |       |     2 ||     9
         Phantom mirror    |       |       |       |       |       |     1 |     2 |       |       ||     3
    Use: Scroll            |     1 |       |    10 |     6 |     6 |    14 |     2 |     8 |     1 ||    48
         Potion            |       |       |     1 |     2 |     1 |     3 |     1 |     4 |     2 ||    14
   Stab: Sleeping          |       |       |     2 |     4 |     3 |     5 |    10 |     6 |       ||    30
         Paralysed         |       |       |     3 |     1 |       |       |       |       |       ||     4
         Distracted        |       |       |     1 |     1 |     2 |     5 |     2 |     2 |       ||    13
         Petrified         |       |       |       |       |    17 |       |       |       |       ||    17
 Armour: Robe              |    34 |    52 |   100 |    29 |       |       |       |       |       ||   215
         Steam dragon scal |       |       |       |   271 |   555 |   547 |       |       |       ||  1373
         Skin              |       |       |       |       |       |   118 |   873 |  1022 |    89 ||  2102
  Dodge: Dodged            |    27 |    38 |    69 |   200 |   541 |  1249 |  1129 |  1527 |   142 ||  4922
         Repelled          |       |       |     2 |     1 |     9 |    21 |    10 |    45 |     1 ||    89
  Block: Kite shield       |       |       |    82 |   352 |   769 |  1261 |  1045 |  1075 |   147 ||  4731
         Form:             |       |       |       |     1 |       |       |       |       |       ||     1
         Blade             |       |       |       |     1 |       |       |       |       |       ||     1
         Statue            |       |       |       |       |       |     1 |       |       |       ||     1
